AoeStats
← 嘉宝叔叔

Arabia

509339881Analyzed
1v1 RM · 7d ago on Sep 26, 2026· 44m 57s· 2 players
Game mode
Random Map
Map size
Tiny (2 player)
Population
200
Speed
Normal
Resources
Standard
Victory
Conquest
Starting age
Dark Age
Ending age
Imperial Age
RankedLock teamsTeams togetherTeam positionsShared explorationLock speedFull tech treeHidden civsTurbo modeCheats
Victory
Defeat
🇨🇳 Vietnamese · China
1258
+32
🇦🇷 Franks · Argentina
1270
-17
嘉宝叔叔
5:46 Loom
9:15 Feudal Age
11:07 Double-Bit Axe
12:10 Fletching
13:27 Horse Collar
14:37 Town Watch
22:33 Castle Age
21:58 Padded Archer Armor
22:17 Gold Mining
23:18 Bodkin Arrow
22:44 Crossbowman
24:01 Bow Saw
24:23 Heavy Plow
26:13 Stone Mining
28:56 Sanctity
29:45 Sanctity
32:33 Wheelbarrow
36:35 Imperial Age
34:51 Hand Cart
34:57 Leather Archer Armor
35:35 Ballistics
35:33 Thumb Ring
38:16 Chemistry
36:45 Arbalester
37:55 Paper Money
37:50 Town Patrol
38:02 Bracer
41:54 Ring Archer Armor
42:03 Hoardings
41:33 Husbandry
41:43 Bloodlines
40:54 Light Cavalry
44:06 Two-Man Saw
43:55 Scale Mail Armor
44:06 Forging
Lechugamer
6:11 Loom
8:52 Feudal Age
11:12 Double-Bit Axe
15:05 Fletching
16:39 Padded Archer Armor
21:56 Castle Age
19:50 Gold Mining
21:18 Scale Barding Armor
22:07 Elite Skirmisher
23:13 Chain Barding Armor
30:45 Wheelbarrow
30:41 Forging
31:08 Bodkin Arrow
37:45 Imperial Age
36:10 Bow Saw
37:25 Husbandry
38:02 Iron Casting
37:45 Leather Archer Armor
38:09 Cavalier
40:25 Paladin
40:41 Paladin
44:11 Conscription
Connection lost

Rejoining the realm…

Still unreachable

The connection could not be restored.

Session expired

The server has moved on; the page needs a fresh start.